 Dungeon Crawl Stone Soup version 0.26.1-11-gd32895ea62 (webtiles) character file.

Game seed: 10014498249971580983

339 Brewhammer the Conjurer (level 6, -6/32 HPs)
             Began as a Deep Elf Conjurer on May 7, 2021.
             Mangled by a phantom (9 damage)
             ... on level 4 of the Dungeon.
             The game lasted 00:16:20 (3165 turns).

Brewhammer the Conjurer (Deep Elf Conjurer)         Turns: 3165, Time: 00:16:20

Health: -6/32      AC:  3    Str:  6    XL:     6   Next: 29%
Magic:  0/14       EV: 14    Int: 29    God:
Gold:   104        SH:  0    Dex: 13    Spells: 11/14 levels left

rFire    + . .     SeeInvis .   s - staff of fire
rCold    . . .     Faith    .   (no shield)
rNeg     . . .     Spirit   .   a - +0 robe
rPois    .         Reflect  .   (no helmet)
rElec    .         Harm     .   (no cloak)
rCorr    .         Rampage  .   g - +0 pair of gloves
Will     .....     Rnd*Tele +   (no boots)
Stlth    +++.......             m - amulet of regeneration
HPRegen  0.50/turn              b - +6 ring of intelligence
MPRegen  0.14/turn              l - ring of teleportation (curse)

@: no status effects
A: no striking features
a: no special abilities


You were on level 4 of the Dungeon.
You visited 1 branch of the dungeon, and saw 4 of its levels.

You collected 104 gold pieces.

Inventory:

Hand Weapons
 o - a +0 whip
Missiles
 d - 11 poisoned darts
Armour
 a - a +0 robe (worn)
 g - a +0 pair of gloves (worn)
Magical Staves
 s - an uncursed staff of fire (weapon)
Jewellery
 b - a +6 ring of intelligence (left hand)
 f - an uncursed amulet of reflection
 l - a cursed ring of teleportation (right hand)
 m - an amulet of regeneration (around neck)
Wands
 v - a wand of flame (17)
 w - a wand of iceblast (3)
Scrolls
 e - 3 scrolls of identify {unknown}
 j - a scroll of blinking {unknown}
 k - 3 scrolls of remove curse {unknown}
 q - a scroll of amnesia {unknown}
 u - a scroll of fog {unknown}
Potions
 c - a potion of berserk rage {unknown}
 h - a potion of lignification {unknown}
 i - a potion of flight {unknown}
 n - a potion of degeneration {unknown}
 p - a potion of cancellation {unknown}
 r - 2 potions of curing {unknown}
 t - 2 potions of might {unknown}
 x - a potion of mutation {unknown}


   Skills:
 + Level 3.9 Dodging
 + Level 4.2 Stealth
 + Level 4.5 Spellcasting
 + Level 6.7 Conjurations


You had 11 spell levels left.
You knew the following spells:

 Your Spells              Type           Power        Failure   Level
a - Magic Dart            Conj           100%         1%          1
b - Searing Ray           Conj           90%          1%          2

Your spell library contained the following spells:

 Spells                   Type           Power        Failure   Level
 Dazzling Flash           Conj/Hex       52%          4%          3
 Fulminant Prism          Conj/Hex       13%          17%         4
 Iskenderun's Mystic Bla  Conj/Tloc      26%          17%         4


Dungeon Overview and Level Annotations

Branches:
Dungeon (4/15)
 Temple: D:4-7

Altars:
Hepliaklqana


Message History

Beogh smites you!
* * * LOW HITPOINT WARNING * * *
The iguana hisses angrily.
An adder comes into view.
Casting: Searing Ray (safe; 1% risk of failure)
Confirm with . or Enter, or press ? or * to list all spells.
Aiming: Searing Ray (safe; 1% risk of failure)
Press: ? - help, Shift-Dir - straight line, f - orc priest, p - orc priest
Aim: an orc priest, wielding a +0 club (18% to evade)
The searing ray misses the orc wizard.
The searing ray hits the orc priest!
The orc priest is severely wounded. (Press . to maintain the ray.)
The phantom closely misses you. The orc wizard misses you.
The iguana completely misses you.
The searing ray hits the orc wizard!
The orc wizard is severely wounded.
The searing ray hits the orc priest!
You kill the orc priest!
The phantom hits you!
You die...

###########
......#..#
#.......# .
#)oo# ...
##oW##...#
##@lS.#
######


You could see a phantom, an iguana, an orc priest, an orc wizard, an adder and
an orc.

Vanquished Creatures
  Edmund (D:4)
  An orc priest (D:4)
  An orc wizard (D:4)
  Ijyb (D:3)
  A worker ant (D:4)
  4 adders
  3 gnolls
  2 oozes
  2 worms
  2 dart slugs (D:1)
  3 leopard geckos
  2 orcs
  4 giant cockroaches
  7 goblins
  4 hobgoblins
  6 jackals
  5 kobolds
  3 quokkas (D:2)
  8 bats
  4 frilled lizards
  7 rats
71 creatures vanquished.

Notes
Turn   | Place    | Note
-------+----------+-------------------------------------------
     0 | D:1      | Brewhammer the Deep Elf Conjurer began the quest for the
                  | Orb.
     0 | D:1      | Reached XP level 1. HP: 10/10 MP: 6/6
   310 | D:1      | Reached XP level 2. HP: 15/15 MP: 5/8
   474 | D:1      | Reached skill level 5 in Conjurations
   780 | D:1      | Learned a level 2 spell: Searing Ray
   904 | D:1      | Reached XP level 3. HP: 19/19 MP: 3/9
  1356 | D:2      | Reached skill level 6 in Conjurations
  1835 | D:2      | Reached XP level 4. HP: 24/24 MP: 7/10
  2393 | D:3      | Found a hazy altar of Hepliaklqana.
  2554 | D:3      | Noticed Ijyb
  2562 | D:3      | Killed Ijyb
  2563 | D:3      | Reached XP level 5. HP: 28/28 MP: 0/12
  2963 | D:4      | Noticed Edmund
  2976 | D:4      | Killed Edmund
  2977 | D:4      | Reached XP level 6. HP: 13/32 MP: 2/14
  3165 | D:4      | Mangled by a phantom

Illustrated notes

Levels and vault maps discovered:
D:1:      heliophobic_arrival_enchanted_forest, layout_rooms,
          nrook_mini_backslash, st_stairs_5
D:2:      layout_loops_cross, minmay_misc_feat_roman, hex_large,
          grunt_decor_arrowhead
D:3:      layout_rooms, lemuel_crystal_altar, serial_bayou_ford_a, uniq_ijyb
D:4:      minmay_thinvault, layout_loops_ring, chequers_serial_rivers_marsh,
          uniq_crazy_yiuf_cottage, uniq_edmund, uniq_natasha

Skill      XL: |  1  2  3  4  5  6 |
---------------+-------------------+-----
Conjurations   | 5 6 |  6.7
Stealth        | 3 4 |  4.2
Dodging        | 3 |  3.9
Spellcasting   | 4 |  4.5

Action                   |  1- 3 |  4- 6 || total
-------------------------+-------+-------++-------
Melee: Staff             |       |     1 ||     1
 Cast: Magic Dart        |    64 |    27 ||    91
       Searing Ray       |     7 |    27 ||    34
Armor: Robe              |     1 |     1 ||     2
Dodge: Dodged            |     4 |    14 ||    18
